 Dungeon Crawl Stone Soup version 0.32-a0-899-geb5ba95c15 (webtiles) character file.

Game seed: 11316364815097047687

7020 Kenran the Martial Artist (level 10, -4/78 HPs)
             Began as a Demigod Shapeshifter on Apr 5, 2024.
             Slain by a tengu warrior
             ... wielding a +1 long sword
              (14 damage)
             ... on level 9 of the Dungeon.
             The game lasted 00:17:35 (9586 turns).

Kenran the Martial Artist (Demigod Shapeshifter)    Turns: 9586, Time: 00:17:36

Health: -4/78      AC:  2    Str: 25    XL:     10   Next: 53%
Magic:  13/13      EV: 19    Int: 12    God:
Gold:   426        SH:  0    Dex: 21    Spells: 9/9 levels left

rFire   . .          .
                       - Unarmed
rCold   . . .        g - melded +0 kite shield
rNeg    . . .        w - melded +0 swamp dragon scales
rPois   .            v - +0 helmet
rElec   .            (no cloak)
rCorr   .            (no gloves)
SInv    .            k - +0 pair of boots
Will    +....        (no amulet)
Stlth   +            b - +4 ring of slaying
HPRegen 0.33/turn    y - +6 ring of strength
MPRegen 0.13/turn

%: no passive effects
@: about to teleport, flux-form, glowing
A: glow, contaminating, high MP 1, forlorn, divine attributes
a: Begin Untransformation


You were on level 9 of the Dungeon.
You were something dangerously unstable.
You visited 1 branch of the dungeon, and saw 10 of its levels.

You collected 426 gold pieces.

Inventory:

Armour
 g - a +0 kite shield (melded)
 k - a +0 pair of boots (worn)
 v - a +0 helmet (worn)
 w - +0 swamp dragon scales (melded)
Jewellery
 b - a +4 ring of slaying (left hand)
 o - a ring of protection from fire
 y - a +6 ring of strength (right hand)
 F - a ring of flight
 H - a ring of positive energy
Talismans
 c - a beast talisman
 d - a flux talisman (active)
 x - a storm talisman
Wands
 p - a wand of polymorph (3)
 r - a wand of roots (5)
 B - a wand of charming (7)
 D - a wand of flame (13)
 G - a wand of quicksilver (5)
Scrolls
 h - a scroll of fog
 m - 2 scrolls of teleportation
 n - 5 scrolls of enchant armour
 s - 3 scrolls of revelation {unknown}
Potions
 a - 3 potions of degeneration {!q}
 f - 3 potions of might
 i - 3 potions of brilliance {unknown}
 j - 5 potions of curing {unknown}
 l - 3 potions of haste
 q - a potion of attraction {unknown}
 t - a potion of invisibility {unknown}
 u - 3 potions of mutation {unknown}
 z - 2 potions of lignification {!q}
 A - 2 potions of enlightenment {unknown}
 C - a potion of cancellation {unknown}
 E - a potion of ambrosia {unknown}


   Skills:
 + Level 4.1 Fighting
 + Level 6.1 Dodging
 - Level 4.0 Shields
 + Level 11.1 Unarmed Combat
 + Level 7.1 Shapeshifting


You had 9 spell levels left.
You didn't know any spells.
Your spell library contained the following spells:

 Spells                   Type           Power      Damage    Failure   Level
 Freeze                   Ice            0%         1d3       32%         1
 Call Imp                 Summ           0%         N/A       45%         2
 Sublimation of Blood     Necr           0%         N/A       45%         2
 Frozen Ramparts          Ice            0%         1d1       69%         3
 Hailstorm                Conj/Ice       0%         3d5       69%         3
 Summon Hydra             Summ           0%         N/A       100%        7


Dungeon Overview and Level Annotations

Branches:
Dungeon (10/15)            Temple (0/1) D:5            Lair (0/5) D:9
    Orc: D:9-12

Shops:
D:8 :

Annotations:
D:1 1 transporter
D:2 1 runed translucent door, Crazy Yiuf
D:3 exclusion: downstairs
D:5 2 runed translucent doors
D:6 exclusion: downstairs


Innate Abilities, Weirdness & Mutations

You are something dangerously unstable.
You glow with magical radiation, making you easy to see and hit.
Foes you strike become dangerously contaminated with magical radiation.
You are incapable of wielding weapons or throwing items.
You have an increased reservoir of magic. (+10% MP)
You shall have no god before yourself.
Your divine heritage dramatically boosts your attributes as you level up.


Message History

The tengu warrior barely misses you. The tengu warrior pecks you!
The tengu warrior closely misses you.
You climb upwards.
Reactivating autopickup.
There is a stone staircase leading down here.
You can't go up here!
You punch the tengu warrior!
The tengu warrior begins to glow.
The tengu warrior is lightly wounded.
The tengu warrior hits you with a +1 long sword!
The tengu warrior pecks you. The tengu warrior misses you.
You are too injured to fight recklessly!
You are too injured to fight recklessly!
You barely miss the tengu warrior.
The tengu warrior is lightly wounded.
The tengu warrior completely misses you.
The tengu warrior pecks you. The tengu warrior claws you.
You closely miss the tengu warrior.
The tengu warrior is lightly wounded.
You punch the tengu warrior!
The tengu warrior glows dangerously bright.
The tengu warrior is moderately wounded.
The tengu warrior hits you with a +1 long sword!
The tengu warrior pecks you. The tengu warrior claws you.
You closely miss the tengu warrior.
The tengu warrior is moderately wounded.
The tengu warrior hits you with a +1 long sword!!
* * * LOW HITPOINT WARNING * * *
The tengu warrior pecks you.
* * * LOW HITPOINT WARNING * * *
The tengu warrior barely misses you.
Okay, then.
You feel much better.
The tengu warrior hits you with a +1 long sword!
* * * LOW HITPOINT WARNING * * *
The tengu warrior completely misses you.
The tengu warrior closely misses you.
As you read the scroll of teleportation, it crumbles to dust.
You feel strangely unstable.
The tengu warrior hits you with a +1 long sword!
You die...

##### # #...##############
# ###.≣.....(........# #
#....⚱..####.#####.########
#
#.#)≣.....Q.#............[.
#
#.#...#)##p###....#......##
#######.##..#.#.##
##.#.#.####.#
<..............##
##).#....#.#
###########...#.##
##.######.#.##
#(..##.###)...#........
#)).....#.)...#.####.##
#..#####)####.#.# #.#
###########..# ### #...#
#.## #........##..# #####
#..#


You could see a tengu warrior (heavy contam, reflecting).

Vanquished Creatures
  A two-headed ogre (D:8)
  Pikel (D:3)
  Joseph (D:7)
  Maggie (D:6)
  A troll (D:10)
  Grinder (D:4)
  Prince Ribbit (D:5)
  A ynoxinul (D:10)
  Eustachio (D:4)
  2 steam dragons
  Menkaure (D:6)
  Edmund (D:6)
  Duvessa (D:5)
  2 water moccasins
  2 orc warriors (D:9)
  A sky beast (D:6)
  2 black bears (D:6)
  3 ogres
  3 ice beasts
  3 lemures (D:3)
  3 phantoms (D:6)
  Blork the orc (D:6)
  5 kobold brigands
  4 bullfrogs
  3 scorpions
  4 wights (D:8)
  Dowan (D:5)
  7 killer bees
  3 howler monkeys
  A bombardier beetle (D:5)
  A hound (D:4)
  An orc priest (D:5)
  A gnoll bouda (D:7)
  3 jellies
  3 sleepcaps
  Terence (D:3)
  8 iguanas
  4 orc wizards
  Natasha (twice) (D:2)
  5 gnolls (D:7)
  8 adders
  2 ufetubi (D:6)
  6 dart slugs
  2 ribbon worms (D:2)
  24 orcs
  6 ball pythons
  6 bats
  5 endoplasms
  4 giant cockroaches
  6 hobgoblins
  13 jackals
  3 quokkas
  7 frilled lizards
  5 goblins
  24 kobolds
  5 rats
217 creatures vanquished.

Notes
Turn   | Place    | Note
-------+----------+-------------------------------------------
     0 | D:1      | Kenran the Demigod Shapeshifter began the quest for the
                  | Orb.
     0 | D:1      | Reached XP level 1. HP: 15/15 MP: 3/3
    57 | D:1      | Reached skill level 1 in Fighting
   137 | D:1      | Reached skill level 3 in Unarmed Combat
   166 | D:1      | Reached XP level 2. HP: 8/23 MP: 4/4
   823 | D:1      | Reached XP level 3. HP: 28/28 MP: 5/5
   833 | D:1      | Reached skill level 4 in Unarmed Combat
  1169 | D:2      | Noticed Natasha
  1179 | D:2      | Killed Natasha
  1391 | D:2      | Identified the +3 dagger of Jausaq {flame, *Rage rElec rF++
                  | Int-3}
  1397 | D:2      | Reached XP level 4. HP: 35/35 MP: 6/6
  1600 | D:2      | Noticed Natasha
  1605 | D:2      | Killed Natasha
  1606 | D:2      | Reached skill level 5 in Unarmed Combat
  1653 | D:2      | Found a runed translucent door.
  1654 | D:2      | Noticed Crazy Yiuf
  2059 | D:3      | Noticed Terence
  2074 | D:3      | Killed Terence
  2075 | D:3      | Reached XP level 5. HP: 34/40 MP: 7/7
  2538 | D:4      | Noticed Grinder
  2644 | D:4      | Reached skill level 6 in Unarmed Combat
  2830 | D:4      | Noticed Pikel
  2924 | D:3      | HP: 3/60 [Pikel/+1 whip of freezing (4)]
  2925 | D:3      | Killed Pikel
  2926 | D:3      | Reached skill level 8 in Unarmed Combat
  2926 | D:3      | Reached XP level 6. HP: 2/47 MP: 8/8
  2926 | D:3      | Reached XP level 7. HP: 3/52 MP: 9/9
  3116 | D:4      | Reached skill level 1 in Shields
  3168 | D:4      | Noticed Eustachio
  3460 | D:4      | Killed Eustachio
  3751 | D:4      | Paralysed by Grinder for 5 turns
  3789 | D:4      | Killed Grinder
  3790 | D:4      | Reached XP level 8. HP: 53/59 MP: 10/10
  4074 | D:5      | Entered Level 5 of the Dungeon
  4180 | D:5      | Found a large runed translucent door.
  4191 | D:5      | Reached skill level 5 in Shapeshifting
  4397 | D:5      | Found a staircase to the Ecumenical Temple.
  4440 | D:5      | Found a large runed translucent door.
  4454 | D:5      | Identified the +3 short sword "Newtbane" {chaos, rElec
                  | Will+}
  4715 | D:5      | Noticed Prince Ribbit
  4724 | D:5      | Killed Prince Ribbit
  4898 | D:5      | Noticed Dowan
  4899 | D:5      | Noticed Duvessa
  4905 | D:5      | Killed Dowan
  4913 | D:5      | Killed Duvessa
  5158 | D:6      | Noticed Menkaure
  5163 | D:6      | Killed Menkaure
  5179 | D:6      | Reached skill level 9 in Unarmed Combat
  5179 | D:6      | Reached XP level 9. HP: 33/71 MP: 11/11
  5576 | D:6      | Noticed Blork the orc
  5580 | D:6      | Killed Blork the orc
  5598 | D:6      | Noticed Maggie
  5612 | D:6      | Killed Maggie
  5613 | D:6      | Reached skill level 10 in Unarmed Combat
  5800 | D:6      | Noticed Edmund
  5811 | D:6      | Killed Edmund
  6188 | D:6      | Reached skill level 11 in Unarmed Combat
  6516 | D:7      | Noticed Joseph
  6663 | D:7      | Killed Joseph
  7556 | D:8      | Reached XP level 10. HP: 62/78 MP: 13/13
  8328 | D:8      | Noticed a two-headed ogre
  8342 | D:8      | Killed a two-headed ogre
  8343 | D:8      | Reached skill level 5 in Dodging
  8402 | D:8      | Found Lialas's Book Shoppe.
  8631 | D:9      | Found a staircase to the Lair.
  9308 | D:10     | Entered Level 10 of the Dungeon
  9549 | D:10     | Noticed a six-headed hydra
  9551 | D:10     | Noticed a tengu warrior
  9586 | D:9      | Slain by a tengu warrior

Illustrated notes

Levels and vault maps discovered:
D:1:      spicycebolla_arrival_risky_transporter, layout_loops_corners
D:2:      layout_loops_ring, dk_vineyard_2, uniq_crazy_yiuf_cottage,
          uniq_natasha
D:3:      layout_rooms, nemelex_dance_club_becter, uniq_terence
D:4:      minmay_door_path, layout_cave_pools,
          mainiacjoe_overflow_cross_hatched, amcnicky_mini_rare_corridor_liquid,
          uniq_grinder, uniq_eustachio, uniq_pikel
D:5:      due_chaos_kobolds, layout_loops_ring, lemuel_temple_firewalk_b,
          uniq_duvessa, uniq_prince_ribbit1
D:6:      minmay_diamond_boxcup, layout_basic, grunt_temple_overflow_cloverleaf,
          uniq_menkaure, uniq_maggie, uniq_blork_the_orc, uniq_edmund
D:7:      layout_rooms, mainiacjoe_overflow_concentric_impassable,
          serial_rivers, chequers_serial_rivers_small_b,
          chequers_serial_rivers_micro_b, chequers_serial_rivers_micro_c,
          chequers_serial_rivers_room_a, chequers_serial_rivers_room_b,
          chequers_serial_rivers_small_b, uniq_joseph
D:8:      layout_basic, serial_shops, nicolae_book_shop_shelving
D:9:      layout_loops_ring, lair_entry_dummy, minmay_misc_feat_five,
          hangedman_feature_mirror
D:10:     layout_cave_pools, nzn_overflow_gifts_of_might_and_magic,
          mainiacjoe_overflow_catch_the_wave, minmay_checkerbox

Skill      XL: |  1  2  3  4  5  6  7  8  9 10 |
---------------+-------------------------------+-----
Fighting       | 1 4 |  4.1
Unarmed Combat | 3 4 5 8 9 11 | 11.1
Shields        | 4 |  4.0
Shapeshifting  | 4 5 7 |  7.1
Dodging        | 3 6 |  6.1

Action                     |  1- 3 |  4- 6 |  7- 9 | 10-12 || total
---------------------------+-------+-------+-------+-------++-------
  Melee: Unarmed           |   136 |   154 |   319 |   113 ||   722
         Punch             |     1 |       |       |       ||     1
  Throw: Throwing net      |       |       |     2 |     1 ||     3
    Use: Scroll            |       |     4 |     5 |     2 ||    11
         Potion            |       |     1 |     6 |     1 ||     8
   Stab: Sleeping          |       |       |     1 |       ||     1
         Held in net/web   |       |       |       |     1 ||     1
 Armour: Animal skin       |    13 |       |       |       ||    13
         Leather armour    |    60 |    22 |       |       ||    82
         Ring mail         |       |    46 |    98 |       ||   144
         Skin              |       |    32 |    20 |    23 ||    75
         Swamp dragon scal |       |       |    42 |    20 ||    62
  Dodge: Dodged            |    41 |    42 |    86 |    52 ||   221
  Block: Kite shield       |    39 |    73 |   129 |    35 ||   276
   Form: Flux              |       |       |       |     1 ||     1

Table legend: (Time is in decaauts)
 A = Elapsed time spent in this place.
 B = Non-inter-level travel time spent in this place.
 C = Inter-level travel time spent in this place.
 D = Time resting spent in this place.
 E = Time spent auto-exploring this place.
 F = Levels seen in this place.
 G = Mean time per level.
                   A        B        C        D        E       F      G
               +--------+--------+--------+--------+--------+-----+--------+
         Total |   9587 |   9300 |    287 |   2290 |   5000 |  10 |  958.7 |
       Dungeon |   9587 |   9300 |    287 |   2290 |   5000 |  10 |  958.7 |
               +--------+--------+--------+--------+--------+-----+--------+

Top non-repeatable levels by time:
     D:6: 1486 daAuts
     D:3: 1347 daAuts
     D:5: 1066 daAuts
     D:1: 988 daAuts
     D:8: 979 daAuts
     D:2: 925 daAuts
     D:7: 895 daAuts
     D:9: 838 daAuts
     D:4: 827 daAuts
    D:10: 232 daAuts
